 Dungeon Crawl Stone Soup version bcrawl-1.41.1 (webtiles) character file.

Game seed: 3442914599815853267

132542 Returnofthet the Sneak (level 4, -3/26 HPs)
             Began as a Vine Stalker Rogue on Apr 21, 2024.
             Was an Initiate of Dithmenos.
             Killed by divine providence
             ... invoked by an orc priest
              (10 damage)
             ... on level 3 of the Dungeon.
             The game lasted 00:01:56 (2242 turns).

Returnofthet the Sneak (Vine Stalker Rogue)         Turns: 2242, Time: 00:01:56

Health: -3/26      AC:  3    Str: 14    XL:     4   Next: 98%
Magic:  6/6        EV: 12    Int: 11    God:    Dithmenos [......]
Gold:   152        SH:  0    Dex: 16    Spells: 3/3 levels left

rFire    . . .     GDR:     28% a - +2 dagger
rCold    . . .     SeeInvis .   (no shield)
rNeg     . . .     Gourm    .   c - +0 robe
rPois    .         Faith    .   (no helmet)
rElec    .         Spirit   .   d - +0 cloak
rCorr    .         Reflect  .   (no gloves)
MR       .....                  (no boots)
Stlth    ++++......             (no amulet)
HPRegen  0.54/turn              (no ring)
MPRegen  0.10/turn              (no ring)

@: no status effects
A: fangs 2, regeneration 1, no potion heal 3, rot immunity, strong jaws
a: Renounce Religion


You were on level 3 of the Dungeon.
You worshipped Dithmenos.
Dithmenos was noncommittal.
You were hungry.

You visited 1 branch of the dungeon, and saw 3 of its levels.

You collected 152 gold pieces.

Inventory:

Hand Weapons
 a - a +2 dagger (weapon)
 b - a +0 blowgun
Missiles
 h - 80 poisoned needles
 p - 683 stones (quivered)
 s - 20 needles of confusion
Armour
 c - a +0 robe (worn)
 d - a +0 cloak (worn)
Wands
 f - a wand of flame (15)
 g - a wand of charming (15)
Scrolls
 i - 2 scrolls of identify
 j - a scroll of teleportation {unknown}
 k - 2 scrolls of revelation {unknown}
 m - a scroll of enchant armour {unknown}
 n - a scroll of remove curse {unknown}
 q - a scroll of fog {unknown}
 v - a scroll of blinking {unknown}
Potions
 l - a potion of magic {unknown}
 o - 2 potions of heal wounds {unknown}
 r - a potion of lignification {unknown}
 t - a potion of brilliance {unknown}
 w - a potion of might {unknown}
Comestibles
 e - 3 rations {!d}


   Skills:
 + Level 1.9 Fighting
 + Level 2.6 Short Blades
 + Level 1.5 Dodging
 * Level 7.7 Stealth
 + Level 1.8 Evocations


You had 3 spell levels left.
You didn't know any spells.
Your spell library was empty.

Dungeon Overview and Level Annotations

Branches:
Dungeon (3/12)

Altars:
Dithmenos
Makhleb
Vehumet


Innate Abilities, Weirdness & Mutations

You have extremely sharp teeth.
Your natural rate of healing is unusually fast.
Potions cannot restore your health.
You are immune to rotting.
Your bites deal extra damage.


Message History

You are too injured to fight recklessly!
You are too injured to fight recklessly!
You are too injured to fight recklessly!
You are too injured to fight recklessly!
You are too injured to fight recklessly!
You are too injured to fight recklessly!
You are too injured to fight recklessly!
You are too injured to fight recklessly!
You are too injured to fight recklessly!
You are too injured to fight recklessly!
You are too injured to fight recklessly!
You are too injured to fight recklessly!
There are monsters nearby!
The orc priest mumbles some strange prayers to Beogh against you.
Pain shoots through your body!
Ouch! That really hurt!
* * * LOW HITPOINT WARNING * * *
The orc priest invokes the aid of Beogh against you.
Beogh smites you!
You die...

##.#.##
#.# #..##
#.# #..##
#.#
##.#.##
#.#
##.###.##
#.## ##.#
##.###.##
##.#.##
##@## #.#
#.# #.#
#.# #o#
#S# #.#
#.#


You could see an adder and an orc priest.

Vanquished Creatures
  A crimson imp (D:3)
  Natasha (D:3)
  2 worms (D:2)
  2 leopard geckos (D:2)
  4 orcs (D:3)
  3 bats (D:1)
  2 giant cockroaches
  8 goblins
  5 hobgoblins (D:1)
  A jackal (D:1)
  9 kobolds
  4 rats
42 creatures vanquished.

Notes
Turn   | Place    | Note
-------+----------+-------------------------------------------
     0 | D:1      | Returnofthet the Vine Stalker Rogue began the quest for the
                  | Orb.
     0 | D:1      | Reached XP level 1. HP: 12/12 MP: 3/3
   139 | D:1      | Reached skill level 6 in Stealth
   172 | D:1      | Reached XP level 2. HP: 17/17 MP: 4/4
   355 | D:1      | Got a brightly glowing tin ring
   356 | D:1      | Identified the ring of the Swan {rC+ Stlth--} (You found it
                  | on level 1 of the Dungeon)
   541 | D:1      | Reached XP level 3. HP: 20/21 MP: 5/5
  1500 | D:2      | Found a shadowy altar of Dithmenos.
  1595 | D:2      | Became a worshipper of Dithmenos the Shadowed
  1912 | D:3      | Reached skill level 7 in Stealth
  1929 | D:3      | Noticed Natasha
  1943 | D:3      | Killed Natasha
  1944 | D:3      | Reached skill level 1 in Dodging
  1944 | D:3      | Reached XP level 4. HP: 10/26 MP: 6/6
  2074 | D:3      | Found a burning altar of Makhleb.
  2074 | D:3      | Found a radiant altar of Vehumet.
  2242 | D:3      | Killed from afar by an orc priest

Skill      XL: |  1  2  3 |
---------------+----------+-----
Stealth        | 6 7 |  7.7
Short Blades   | 2 |  2.6
Dodging        | 1 |  1.5
Fighting       | |  1.9
Evocations     | |  1.8

Action                   |  1- 3 |  4- 6 || total
-------------------------+-------+-------++-------
Melee: Dagger            |   106 |    22 ||   128
       Bite              |    10 |     4 ||    14
 Stab: Sleeping          |    11 |       ||    11
  Eat: Chunk             |     5 |     1 ||     6
Armor: Robe              |    17 |     1 ||    18
Dodge: Dodged            |    42 |     9 ||    51
